 Dungeon Crawl Stone Soup version 0.31-a0-216-g22e908daa7 (webtiles) character file.

Game seed: 6327435178698130839

25 qw the Shooter (level 3, -7/21 HPs)
             Began as a Gargoyle Hexslinger on July 2, 2023.
             Mangled by a gnoll
             ... wielding a +1 whip of venom
              (9 damage)
             ... on level 2 of the Dungeon.
             The game lasted 00:00:19 (1079 turns).

qw the Shooter (Gargoyle Hexslinger)                Turns: 1079, Time: 00:00:19

Health: -7/21      AC:  8    Str: 11    XL:     3   Next: 4%
Magic:  4/4        EV: 10    Int: 13    God:
Gold:   35         SH:  0    Dex: 14    Spells: 3/4 levels left

rFire   . . .        Y - +1 sling
rCold   . . .        (no shield)
rNeg    + . .        f - +0 ring mail
rPois   inf          (no helmet)
rElec   +            (no cloak)
rCorr   .            (no gloves)
SInv    .            (no boots)
Will    .....        (no amulet)
Stlth   +            (no ring)
HPRegen 0.23/turn    (no ring)
MPRegen 0.09/turn

%: no passive effects
@: no status effects
A: sickness immunity, AC +3, negative energy resistance 1, electricity
resistance, torment resistance 1, petrification resistance
a: no special abilities


You were on level 2 of the Dungeon.
You visited 1 branch of the dungeon, and saw 2 of its levels.

You collected 35 gold pieces.


Innate Abilities, Weirdness & Mutations

You are immune to sickness and miasma.
Your stone body is resilient. (AC +3)
You are immune to poison.
You resist negative energy. (rN+)
You are resistant to electric shocks. (rElec)
You are resistant to unholy torment.
You are immune to petrification.


   Skills:
 - Level 2.0 Fighting
 + Level 3.0 Ranged Weapons
 - Level 1.5 Dodging
 - Level 1.0 Spellcasting
 - Level 2.6 Hexes


You had 3 spell levels left.
You knew the following spells:

 Your Spells              Type           Power      Damage    Failure   Level
a - Slow                  Hex            28%        N/A       22%         1

Your spell library contained the following spells:

 Spells                   Type           Power      Damage    Failure   Level
 Inner Flame              Hex/Fire       4%         N/A       75%         3
 Portal Projectile        Hex/Tloc       8%         N/A       75%         3
 Cause Fear               Hex            3%         N/A       92%         4

Inventory:

Hand Weapons
 Y - a +1 sling (weapon)
Armour
 f - a +0 ring mail (worn)
 g - a +0 pair of gloves
Potions
 e - a potion of heal wounds {unknown}
 i - a potion of curing {unknown}

Dungeon Overview and Level Annotations

Branches:
Dungeon (2/15)

Altars:


Message History

The endoplasm quivers.
You shoot a sling bullet. The sling bullet hits the endoplasm.
The endoplasm is moderately wounded.
You shoot a sling bullet. The sling bullet hits the endoplasm.
The endoplasm is heavily wounded.
You shoot a sling bullet. The sling bullet hits the endoplasm.
You kill the endoplasm!
You see here the +6 chain mail "Jolokle" {Int+3}.
Found a club.
Found a stone staircase leading down. 2 gnolls come into view.
A gnoll is wielding a +2 whip of flaming.
The gnoll shouts! x2
Enter note: You shoot a sling bullet.
The sling bullet closely misses the gnoll.
The sling bullet barely misses the gnoll.
You hear a shout!
A gnoll comes into view. It is wielding a +0 flail.
You shoot a sling bullet. The sling bullet hits the gnoll.
The gnoll is moderately wounded.
The gnoll hits you from afar with a +0 spear.
A gnoll comes into view. It is wielding a +1 whip of venom.
The gnoll hits you from afar with a +0 spear.
You shoot a sling bullet.
The sling bullet closely misses the gnoll.
The sling bullet hits the gnoll.
The gnoll is moderately wounded.
The gnoll hits you with a +2 whip of flaming.
The gnoll burns you.
The gnoll hits you from afar with a +0 spear.
You shoot a sling bullet. The sling bullet hits the gnoll.
The gnoll is moderately wounded.
The gnoll hits you but does no damage. x2
The gnoll hits you with a +1 whip of venom.
The gnoll hits you but does no damage. The gnoll closely misses you.
You shoot a sling bullet. The sling bullet hits the gnoll.
The gnoll is heavily wounded.
The gnoll hits you but does no damage. The gnoll closely misses you.
The gnoll hits you with a +1 whip of venom!
You die... #. #.# #.#####... ........ ....#.# . ...#.###.. gg.......

#gg...... .
#@.......
..########........
..................
..................
..................
######.#####..... ..
#.#.........
..#######..).##.....
..........#.........


You could see 4 gnolls.

Vanquished Creatures
  A dart slug (D:1)
  4 endoplasms
  A giant cockroach (D:2)
  2 goblins
  3 hobgoblins (D:1)
  2 jackals (D:1)
  A ball python (D:1)
  3 kobolds (D:1)
  3 rats (D:1)
20 creatures vanquished.

Notes
Turn   | Place    | Note
-------+----------+-------------------------------------------
     0 | D:1      | qw the Gargoyle Hexslinger began the quest for the Orb.
     0 | D:1      | Reached XP level 1. HP: 12/12 MP: 2/2
     0 | D:1      | 0 ||| qw: Version: 0.3-a-39-g4513739
     0 | D:1      | 0 ||| qw: Game counter: 7905
     0 | D:1      | 0 ||| qw: Melee chars always use a shield: true
     0 | D:1      | 0 ||| qw: God list: Okawaru
     0 | D:1      | 0 ||| qw: Allow faded altars: false
     0 | D:1      | 0 ||| qw: Do Orc after clearing Dungeon:15 true
     0 | D:1      | 0 ||| qw: Do second Lair branch before Depths: true
     0 | D:1      | 0 ||| qw: Lair rune preference: random
     0 | D:1      | 0 ||| qw: Goals: Normal
     0 | D:1      | 0 ||| PLANNING D:1-11
   391 | D:1      | Reached XP level 2. HP: 16/16 MP: 3/3
   520 | D:1      | Reached skill level 3 in Ranged Weapons
   650 | D:1      | 650 ||| FLEEEEING.
   652 | D:1      | 652 ||| FLEEEEING.
   665 | D:1      | 665 ||| FLEEEEING.
   666 | D:1      | 666 ||| FLEEEEING.
   930 | D:1      | 930 ||| UPGRADING to +0 ring mail.
   940 | D:1      | 940 ||| DROPPING +0 robe.
   941 | D:1      | 941 ||| READING scroll labelled IQUSAUG RAUKHA.
   942 | D:1      | 942 ||| READING scroll labelled IXEOFFODIJ.
   953 | D:1      | 953 ||| DROPPING scroll of poison.
  1059 | D:2      | Reached XP level 3. HP: 21/21 MP: 4/4
  1063 | D:2      | Identified the +6 chain mail "Jolokle" {Int+3}
  1078 | D:2      | HP: 2/21 [gnoll/+1 whip of venom (5)]
  1079 | D:2      | Mangled by a gnoll

Levels and vault maps discovered:
D:1:      reono_arrival_forest_river, layout_basic
D:2:      layout_basic, small_statue_intersection, nicolae_titane

Skill      XL: |  1  2 |
---------------+-------+-----
Ranged Weapons | 3 |  3.0
Fighting       | 2 |  2.0
Dodging        | |  1.5
Spellcasting   | |  1.0
Hexes          | |  2.6

Action                     || total
---------------------------++-------
   Fire: Sling             ||    64
    Use: Scroll            ||     2
 Armour: Robe              ||     2
         Ring mail         ||     4
  Dodge: Dodged            ||     8

Table legend:
 A = Non-vault XP
 B = Vault XP
 C = Vault XP percentage of total XP
 D = Non-vault monster count
 E = Vault monster count
 F = Vault count percentage of total count
                 A         B        C        D         E       F
            +---------+---------+-------+---------+---------+-------
      Total |      36 |       0 |   0.0 |      20 |       0 |   0.0
            +---------+---------+-------+---------+---------+-------
        D:1 |      28 |       0 |   0.0 |      16 |       0 |   0.0
        D:2 |       8 |       0 |   0.0 |       4 |       0 |   0.0
            +---------+---------+-------+---------+---------+-------
